 Dungeon Sprint DCSS version 0.29.1-2-gbd0b4ee654 (webtiles) character file.

Game seed: 12933830908566366561

3575 Zeld the Severer (level 9, -9/138 HPs)
             Began as a Minotaur Berserker on Oct 26, 2022.
             Was a High Priest of Trog.
             Mangled by Agnes
             ... wielding a +0 lajatang
              (17 damage)
             ... in the Dungeon (Sprint IV: "Fedhas' Mad Dash").
             The game lasted 00:05:05 (2658 turns).

Zeld the Severer (Minotaur Berserker)               Turns: 2658, Time: 00:05:05

Health: -9/138     AC:  4    Str: 27    XL:     9   Next: 84%
Magic:  8/8        EV: 15    Int:  4    God:    Trog [*****.]
Gold:   171        SH:  0    Dex:  9    Spells: 8/8 levels left

rFire   . . .      SeeInvis .   a - +2 battleaxe (vorpal)
rCold   . . .      Faith    .   (shield currently unavailable)
rNeg    . . .      Spirit   .   b - +0 animal skin
rPois   .          Reflect  .   (helmet restricted)
rElec   .          Harm     .   l - +0 cloak
rCorr   .          Rampage  .   (no gloves)
Will    .....      NoTele   +   (no boots)
Stlth   ..........              k - amulet of invisibility {+Inv}
HPRegen 0.33/turn               (no ring)
MPRegen 0.11/turn               (no ring)

@: berserking, very quick
A: horns 2, retaliatory headbutt
a: Renounce Religion, Evoke Invisibility, Berserk, Trog's Hand, Brothers in Arms


You were in the Dungeon.
You worshipped Trog.
Trog was extremely pleased with you.
You visited 1 branch You collected 171 gold pieces.

Inventory:

Hand Weapons
 a - a +2 vorpal battleaxe (weapon)
Armour
 b - a +0 animal skin (worn)
 l - a +0 cloak (worn)
Jewellery
 k - the amulet of invisibility (around neck) {+Inv}
   (You found it in the Dungeon)

   [amulet of nothing]

   +Inv:      It lets you turn invisible.
Scrolls
 h - a scroll of blinking
 i - 2 scrolls of identify {unknown}
 j - a scroll of acquirement {unknown}
 n - a scroll of enchant weapon {unknown}
Potions
 c - a potion of curing
 d - a potion of heal wounds
 e - a potion of haste
 f - 2 potions of magic
 g - a potion of berserk rage
 m - a potion of degeneration {unknown}


   Skills:
 + Level 12.8 Fighting
 * Level 17.4 Axes
 + Level 12.5 Armour
 + Level 11.6 Dodging


You had 8 spell levels left.
You didn't know any spells.
Your spell library was empty.

Dungeon Overview and Level Annotations

Branches:
Dungeon (1/1)

Altars:
Cheibriados
Dithmenos
Elyvilon
Gozag
Hepliaklqana
Kikubaaqudgha
Makhleb
Nemelex Xobeh
Okawaru
Qazlal
Ru
Sif Muna
Trog
Uskayaw
Vehumet
Wu Jian
Xom
Yredelemnul
Zin
The Shining One
Jiyva
Lugonu

Shops:
D ([((

Annotations:
D Agnes


Innate Abilities, Weirdness & Mutations

You have a pair of horns on your head.
You reflexively headbutt those who attack you in melee.


Message History

HP restored.
You start waiting.
Done waiting.
You start waiting.
Done waiting.
You open the door.
Agnes the Wanderer comes into view.
She is wielding a +0 lajatang.
Agnes shouts!
There is an open door here.
Agnes attacks as you move away! Agnes misses you.
Agnes hits you with a +0 lajatang! Agnes attacks as you move away!
Agnes hits you with a +0 lajatang! x2
There is an open door, spattered with blood here.
A red film seems to cover your vision as you go berserk!
You feel yourself moving faster!
You feel mighty!
Agnes says, "The ORB is mine by right."
Agnes hits you with a +0 lajatang!
You hit Agnes.
Agnes is lightly wounded.
Agnes hits you with a +0 lajatang!
You slash Agnes!
Agnes is lightly wounded.
Agnes hits you with a +0 lajatang!!
You miss Agnes. You headbutt Agnes!
Agnes is moderately wounded.
Agnes hits you with a +0 lajatang!!
* * * LOW HITPOINT WARNING * * *
You miss Agnes.
Agnes is moderately wounded.
Agnes misses you. You furiously retaliate!
You headbutt Agnes!
Unknown command.
You completely miss Agnes. Your headbutt misses Agnes.
Agnes is moderately wounded.
Agnes hits you with a +0 lajatang!
* * * LOW HITPOINT WARNING * * *
Unknown command.
You miss Agnes.
Agnes is moderately wounded.
Agnes hits you with a +0 lajatang!
You die...

'.#.(.'.._._._._._..'.)#...#....'
#.#...#..._._._._...#..###'##..:#
####'##.._._._._._..#..##∩∩.'...#
..'...#._._._._._.⌠.#############
..#...##################
.######♣♣♣♣♣..♣(###.'.)+
###.:'......♣..♣##:.#..#
.)...#♣..♣♣♣.♣).###.##'#
.....#.♣♣..♣...♣@i..# i♣
##################### .. i.♣ ...
.... ####


You could see Agnes.

Vanquished Creatures
  A spriggan druid (D)
  3 oklob plants (D)
  3 burning bushes (D)
  3 wandering mushrooms (D)
  A queen bee (D)
  3 scorpions (D)
  4 killer bees (D)
  5 oklob saplings (D)
  2 spriggans (D)
  A river rat (D)
  A rat (D)
27 creatures vanquished.

Vanquished Creatures (others)
  A ballistomycete spore (D)
1 creature vanquished.

Grand Total: 28 creatures vanquished

Notes
Turn   | Place    | Note
-------+----------+-------------------------------------------
     0 | D        | Zeld the Minotaur Berserker began the quest for the Orb.
     0 | D        | Reached XP level 1. HP: 19/19 MP: 0/0
     9 | D        | Reached skill level 4 in Axes
     9 | D        | Reached XP level 2. HP: 27/27 MP: 1/1
   167 | D        | Noticed an oklob sapling
   172 | D        | Killed an oklob sapling
   172 | D        | Reached ** piety under Trog
   173 | D        | Reached skill level 5 in Fighting
   173 | D        | Reached skill level 6 in Axes
   173 | D        | Reached XP level 3. HP: 26/36 MP: 2/2
   419 | D        | Noticed a scorpion
   419 | D        | Found the amulet of invisibility {+Inv}
   423 | D        | Killed a scorpion
   424 | D        | Reached skill level 7 in Axes
   424 | D        | Reached skill level 5 in Armour
   424 | D        | Reached XP level 4. HP: 44/44 MP: 3/3
   684 | D        | Reached skill level 8 in Axes
   684 | D        | Reached skill level 5 in Dodging
   944 | D        | Noticed a queen bee
   953 | D        | Reached XP level 5. HP: 51/51 MP: 2/4
   955 | D        | Reached skill level 9 in Axes
   956 | D        | Reached *** piety under Trog
   957 | D        | Reached skill level 10 in Axes
   959 | D        | Reached XP level 6. HP: 61/61 MP: 2/5
   959 | D        | Killed a queen bee
   960 | D        | Reached skill level 11 in Axes
  1009 | D        | Noticed an oklob plant
  1037 | D        | Killed an oklob plant
  1038 | D        | Reached skill level 13 in Axes
  1038 | D        | Reached XP level 7. HP: 71/71 MP: 3/6
  1070 | D        | Noticed a burning bush
  1080 | D        | Killed a burning bush
  1081 | D        | Reached skill level 10 in Fighting
  1081 | D        | Reached XP level 8. HP: 79/79 MP: 5/7
  1135 | D        | Found an opulent altar of Gozag.
  1135 | D        | Found a hazy altar of Hepliaklqana.
  1135 | D        | Found a burning altar of Makhleb.
  1135 | D        | Found a sparkling altar of Nemelex Xobeh.
  1135 | D        | Found a snail-covered altar of Cheibriados.
  1135 | D        | Found a sacrificial altar of Ru.
  1135 | D        | Found a shimmering blue altar of Sif Muna.
  1135 | D        | Found a shimmering altar of Xom.
  1135 | D        | Found a basalt altar of Yredelemnul.
  1136 | D        | Found a viscous altar of Jiyva.
  1136 | D        | Found a bloodstained altar of Trog.
  1136 | D        | Found an ornate altar of the Wu Jian Council.
  1137 | D        | Found an iron altar of Okawaru.
  1137 | D        | Found a shadowy altar of Dithmenos.
  1137 | D        | Found a glowing silver altar of Zin.
  1138 | D        | Found an ancient bone altar of Kikubaaqudgha.
  1138 | D        | Found a hide-covered altar of Uskayaw.
  1139 | D        | Found a stormy altar of Qazlal.
  1139 | D        | Found a white marble altar of Elyvilon.
  1139 | D        | Found a glowing golden altar of the Shining One.
  1140 | D        | Found a corrupted altar of Lugonu.
  1140 | D        | Found a radiant altar of Vehumet.
  1151 | D        | Reached **** piety under Trog
  1152 | D        | Reached skill level 10 in Armour
  1248 | D        | Reached skill level 14 in Axes
  1480 | D        | Found Efinligh's Antique Armour Shop.
  1480 | D        | Found Jisen's Weapon Emporium.
  1492 | D        | Noticed a burning bush
  1492 | D        | Noticed a wandering mushroom
  1493 | D        | Noticed a wandering mushroom
  1501 | D        | Killed a wandering mushroom
  1501 | D        | Reached ***** piety under Trog
  1503 | D        | Killed a wandering mushroom
  1504 | D        | Reached skill level 15 in Axes
  1505 | D        | Reached skill level 10 in Dodging
  1510 | D        | Killed a burning bush
  1511 | D        | Reached XP level 9. HP: 89/89 MP: 6/8
  1653 | D        | Found Xalemyud's Antique Weapon Emporium.
  1653 | D        | Found Kaerha's Weapon Shoppe.
  1722 | D        | Noticed a burning bush
  1722 | D        | Noticed an oklob plant
  1723 | D        | Noticed a wandering mushroom
  1732 | D        | Killed a burning bush
  1800 | D        | Received a gift from Trog
  1803 | D        | Killed an oklob plant
  1804 | D        | Reached skill level 16 in Axes
  1805 | D        | Killed a wandering mushroom
  1891 | D        | Noticed a spriggan druid
  1903 | D        | Killed a spriggan druid
  1904 | D        | Reached skill level 17 in Axes
  2080 | D        | Noticed an oklob plant conjurer
  2082 | D        | Killed an oklob plant conjurer
  2645 | D        | Noticed Agnes
  2658 | D        | Mangled by Agnes

Illustrated notes

Levels and vault maps discovered:
D:        dungeon_sprint_fedhas [sprint_temple]

Skill      XL: |  1  2  3  4  5  6  7  8  9 |
---------------+----------------------------+-----
Fighting       | 4 5 6 7 9 10 11 12 | 12.8
Axes           | 4 6 7 8 10 13 15 17 | 17.4
Armour         | 3 4 5 6 7 9 11 12 | 12.5
Dodging        | 3 4 5 6 8 9 10 11 | 11.6

Action                   |  1- 3 |  4- 6 |  7- 9 || total
-------------------------+-------+-------+-------++-------
Melee: Hand axe          |     9 |    21 |    53 ||    83
       Headbutt          |     1 |     5 |    18 ||    24
       Battleaxe         |       |       |    20 ||    20
Invok: Berserk           |     3 |     2 |     7 ||    12
 Abil: Evoke Invisibilit |       |     4 |     8 ||    12
 Stab: Invisible         |       |    10 |    11 ||    21
Armor: Animal skin       |       |     4 |     2 ||     6
Dodge: Dodged            |     2 |    19 |    19 ||    40
